Cogmind - Beta 13 @@@ ROGUE MODE // 2024.04.03 @ 13:54:13 Player: Nathan Result: Self-destructed Performance ------------- Evolutions (1) 500 Regions Visited (3) 600 Robots Destroyed (14) 70 Value Destroyed (279) 279 Prototype IDs (1) 20 Alien Tech Used (0) 0 Bonus (0) 0 TOTAL SCORE: 1469 Bonus ------- None Cogmind --------- Core Integrity 160/400 Matter 217/300 Energy 86/100 System Corruption 0% Temperature Cool (8) Movement Flying (117) Ox1 Location -9/Materials Parts ------- > --- POWER (1) -------- (None) > --- PROPULSION (3) --- Flight Unit Flight Unit > --- UTILITY (3) ------ Small Storage Unit Improved Propulsion Shielding > --- WEAPON (2) ------- Improved Assault Rifle > --- INVENTORY (8) ---- Ion Engine Light Ion Engine Large Matter Pod (150) Large Matter Pod (49) Terrain Scan Processor Medium Laser Light Assault Rifle Peak State ------------ > --- POWER ------------ Improved Ion Engine > --- PROPULSION ------- Flight Unit Flight Unit Flight Unit > --- UTILITY ---------- Small Storage Unit Improved Propulsion Shielding > --- WEAPON ----------- Medium Laser Light Assault Rifle > --- INVENTORY -------- Ion Engine Light Ion Engine Large Matter Pod Large Matter Pod Terrain Scan Processor Medium Laser Light Assault Rifle [Rating: 11] Favorites ----------- Power Light Ion Engine Engine Light Ion Engine Propulsion Aluminum Leg Treads Light Treads Leg Aluminum Leg Flight Unit Flight Unit Utility Small Storage Unit Device Sensor Array Storage Small Storage Unit Protection Improved Propulsion Shielding Weapon Medium Laser Energy Gun Medium Laser Ballistic Gun Light Assault Rifle Build | -11 -10 -10 -9 ------- Run | Yrd Mat Min Mat Slots Evolved 2 | . . . 2 Power . | . . . . Propulsion 1 | . . . 1 Utility 1 | . . . 1 Weapon . | . . . . Parts Attached 25 | 6 1 5 13 Power 3 | 1 . 1 1 Engine 3 | 1 . 1 1 Core . | . . . . Reactor . | . . . . Propulsion 7 | 2 . 1 4 Treads 1 | . . . 1 Leg 3 | 2 . 1 . Wheel . | . . . . Hover . | . . . . Flight 3 | . . . 3 Utility 4 | 1 1 1 1 Device 2 | . 1 1 . Storage 1 | 1 . . . Processor . | . . . . Hackware . | . . . . Protection 1 | . . . 1 Artifact . | . . . . Weapon 11 | 2 . 2 7 Energy Gun 5 | 1 . . 4 Energy Cannon . | . . . . Ballistic Gun 6 | 1 . 2 3 Ballistic Cannon . | . . . . Launcher . | . . . . Special Weapon . | . . . . Impact Weapon . | . . . . Slashing Weapon . | . . . . Piercing Weapon . | . . . . Special Melee Weapon . | . . . . Unidentified Prototypes 1 | . . . 1 Parts Lost 13 | . . 3 10 Power 1 | . . . 1 Propulsion 5 | . . 1 4 Utility 2 | . . 1 1 Weapon 5 | . . 1 4 Highest Loss Streak 5 | . . 2 5 To Critical Strikes . | . . . . Average Slot Usage (%) 85 | . 97 98 72 Engine 11 | . 14 14 9 Leg 17 | . 28 27 7 Flight 6 | . . . 13 Device 9 | . 11 13 5 Storage 12 | . 14 14 11 Protection 2 | . . . 4 Energy Gun 12 | . 14 14 11 Ballistic Gun 11 | . 14 13 8 Naked Turns . | . . . . Heaviest Build 18 | 12 13 13 18 Greatest Support 20 | 20 20 20 20 Greatest Overweight (x) 4 | 2 . 1 4 Average Overweight (x) . | . . . . Largest Inventory Capacity 8 | 8 8 8 8 Average Capacity 7 | 7 8 8 8 Most Carried 8 | 2 7 8 8 Average Carried 6 | . 5 6 7 Final Capacity 8 | 8 8 8 8 Final Carried 7 | 2 7 6 7 Class Distribution -------------------- 80% | Mutant 19% | Scavenger-Mutant Dominant Class ---------------- Mutant | -10/Materials Mutant | -10/Mines Mutant | -9/Materials Resources | -11 -10 -10 -9 ----------- Run | Yrd Mat Min Mat Matter Collected 573 | 239 . 106 228 Remotely . | . . . . Salvage Created 369 | . . 93 276 Parts 34 | . . 12 22 Haulers Intercepted . | . . . . Recyclers Shooed . | . . . . Parts Field Recycled . | . . . . Retrieved Matter . | . . . . Parts Self-Destructed . | . . . . Prevented . | . . . . Kills | -11 -10 -10 -9 ------- Run | Yrd Mat Min Mat Combat Hostiles Destroyed 14 | . . 6 8 Guns 14 | . . 6 8 Classes Destroyed 3 | . . 1 2 Swarmer 10 | . . 6 4 Grunt 1 | . . . 1 Sentry 3 | . . . 3 Best Kill Streak 3 | . . 3 3 Combat Bots Only 3 | . . 3 3 Max Kills in Single Turn 1 | . . 1 1 Gunslinging . | . . . . Exploded . | . . . . Melee . | . . . . Uniques/NPCs Destroyed . | . . . . Combat | -11 -10 -10 -9 -------- Run | Yrd Mat Min Mat Hostile Shots Fired 249 | . 16 88 145 Missed 75 | . 5 26 44 Damage Taken 1650 | . 138 474 1038 Core 360 | . 40 80 240 Absorbed by Shields . | . . . . Redirected to Shielding 72 | . . . 72 Core Remaining (%) 76 | 100 . 52 . Volleys Fired 49 | . . 13 36 Largest 2 | . . 2 2 Hottest 85 | . . 70 85 Shots Fired 90 | . . 26 64 Gun 90 | . . 26 64 Cannon . | . . . . Launcher . | . . . . Special . | . . . . Kinetic 48 | . . 13 35 Thermal 19 | . . 13 6 Explosive . | . . . . Electromagnetic 23 | . . . 23 Robot Hit Streak 9 | . . 4 9 Robot Miss Streak 4 | . . 2 4 Penetration Max . | . . . . Secondary Targets 2 | . . 1 1 Max Gunslinging Chain 1 | . . 1 1 Shots Hit Robots 55 | . . 16 39 Core Hits 24 | . . 7 17 Critical Kills . | . . . . Critical Parts Destroyed . | . . . . Critical Strikes 2 | . . . 2 Burn 1 | . . . 1 Corrupt 1 | . . . 1 Melee Attacks . | . . . . Impact . | . . . . Slashing . | . . . . Piercing . | . . . . Sneak Attacks . | . . . . Combat Hostiles . | . . . . Follow-up Attacks . | . . . . Damage Inflicted 664 | . . 183 481 Guns 656 | . . 183 473 Cannons . | . . . . Explosions . | . . . . Melee . | . . . . Ramming 8 | . . . 8 Kinetic 326 | . . 95 231 Thermal 126 | . . 88 38 Explosive . | . . . . Electromagnetic 204 | . . . 204 Impact . | . . . . Slashing . | . . . . Piercing . | . . . . Highest Corruption . | . . . . Average Corruption . | . . . . Corruption Purged . | . . . . Corruption Blocked . | . . . . Overload Shots . | . . . . Overflow Damage . | . . . . Projectiles . | . . . . Explosions . | . . . . Melee . | . . . . Knockbacks . | . . . . Impact . | . . . . Kinetic . | . . . . Secondary . | . . . . Self-Inflicted Damage 3 | . . . 3 Shots . | . . . . Rammed 3 | . . . 3 Targets Rammed 5 | . . . 5 Kicked 2 | . . . 2 Crushed . | . . . . Highest Temperature 130 | . 15 130 129 Average Temperature 34 | . 15 43 28 Received Heat Transfer 303 | . 93 . 210 Siege Activations . | . . . . Robots Corrupted . | . . . . Combat Hostiles . | . . . . Parts Fried 1 | . . . 1 Impact Corruptions . | . . . . Robots Melted . | . . . . Combat Hostiles . | . . . . Parts Melted . | . . . . Heat Transferred 444 | . . 259 185 Parts Sabotaged . | . . . . Parts Stolen . | . . . . Parts Stripped . | . . . . Power Chain Reactions . | . . . . Alert | -11 -10 -10 -9 ------- Run | Yrd Mat Min Mat Peak Influence 262 | . 15 160 262 Initial 62 | . . 5 62 Average 97 | . 4 67 160 Maximum Alert Level 1 | . . . 1 Low Security (%) 79 | 100 100 100 55 Level 1 20 | . . . 44 Level 2 . | . . . . Level 3 . | . . . . Level 4 . | . . . . Level 5 . | . . . . High Security . | . . . . Max Security . | . . . . Squads Dispatched 2 | . 1 . 1 Investigation 1 | . 1 . . Extermination . | . . . . Reinforcement 1 | . . . 1 Assault . | . . . . Garrison . | . . . . Intercept . | . . . . Searches Triggered . | . . . . Construction Impeded . | . . . . Haulers Reinforced . | . . . . Active Scanning Responses . | . . . . Cargo Convoy Interrupts . | . . . . Stealth | -11 -10 -10 -9 --------- Run | Yrd Mat Min Mat Distress Signals 1 | . 1 . . Communications Jammed . | . . . . Distress Signals . | . . . . Times Spotted 37 | . 8 12 17 Peak Tracking Total 11 | . 6 3 11 Tactical Retreats 3 | . 1 2 . Traps | -11 -10 -10 -9 ------- Run | Yrd Mat Min Mat Traps Triggered 1 | . 1 . . Indirectly . | . . . . Trap Hack Attempts . | . . . . Triggered . | . . . . Disarmed . | . . . . Reprogrammed . | . . . . Reused . | . . . . Traps Extracted . | . . . . Installed . | . . . . Triggered . | . . . . Machines | -11 -10 -10 -9 ---------- Run | Yrd Mat Min Mat Machines Disabled 1 | . . . 1 Max in Single Turn 1 | . . . 1 Machines Repaired . | . . . . Machines Dismantled . | . . . . Machines Sabotaged . | . . . . Overloaded Fab Kills . | . . . . Hacking | -11 -10 -10 -9 --------- Run | Yrd Mat Min Mat Machines Accessed 4 | . 2 . 2 Terminals 3 | . 1 . 2 Fabricators . | . . . . Repair Stations . | . . . . Recycling Units 1 | . 1 . . Scanalyzers . | . . . . Garrison Access . | . . . . Total Hacks 6 | . 2 . 4 Successful 4 | . 1 . 3 Failed 2 | . 1 . 1 Catastrophic 1 | . 1 . . Database Lockouts . | . . . . Manual 1 | . 1 . . Terminals 5 | . 1 . 4 Fabricators . | . . . . Repair Stations . | . . . . Recycling Units 1 | . 1 . . Scanalyzers . | . . . . Garrison Access . | . . . . Terminal Hacks 3 | . . . 3 Alert Level 2 | . . . 2 Locate Traps 1 | . . . 1 Fabricator Hacks . | . . . . Repair Station Hacks . | . . . . Recycling Unit Hacks 1 | . 1 . . Report Inventory 1 | . 1 . . Scanalyzer . | . . . . Garrison Access Hacks . | . . . . Unauthorized Hacks . | . . . . Terminals . | . . . . Fabricators . | . . . . Repair Stations . | . . . . Recycling Units . | . . . . Scanalyzers . | . . . . Garrison Access . | . . . . Data Cores Recovered . | . . . . Used . | . . . . Hacking Detections 3 | . 1 . 2 Full Trace Events . | . . . . Feedback Events . | . . . . Feedback Blocked . | . . . . Robot Schematics Acquired . | . . . . Robots Built . | . . . . Authchips . | . . . . Time . | . . . . Total Robot Build Rating . | . . . . Part Schematics Acquired . | . . . . Parts Built . | . . . . Authchips . | . . . . Time . | . . . . Total Part Build Rating . | . . . . Parts Repaired . | . . . . Time . | . . . . Parts Recycled . | . . . . Recycled Matter . | . . . . Retrieved Matter . | . . . . Retrieved Components . | . . . . Parts Scanalyzed . | . . . . Part Schematics Acquired . | . . . . Parts Damaged . | . . . . Bothacking | -11 -10 -10 -9 ------------ Run | Yrd Mat Min Mat Used RIF Installer . | . . . . Robots Hacked . | . . . . Non-combat . | . . . . Combat . | . . . . Robot Hacks Applied . | . . . . Relay Couplers Released . | . . . . Fabnet Peak Effective % . | . . . . Robots Rewired . | . . . . Allies Hacked . | . . . . Hacks Repelled . | . . . . Allies | -11 -10 -10 -9 -------- Run | Yrd Mat Min Mat Total Allies . | . . . . Largest Group . | . . . . Highest-Rated Group . | . . . . Highest-Rated Ally . | . . . . Total Orders . | . . . . Ally Attacks . | . . . . Total Damage . | . . . . Kills . | . . . . Allies Corrupted . | . . . . Allies Melted . | . . . . Intel | -11 -10 -10 -9 ------- Run | Yrd Mat Min Mat Robot Analysis Total . | . . . . Derelict Logs Recovered . | . . . . Drone Launches . | . . . . Drone Recoveries . | . . . . Exploration | -11 -10 -10 -9 ------------- Run | Yrd Mat Min Mat Turns Passed 805 | 52 117 261 375 Spaces Moved 493 | 35 84 169 205 Core 12 | 8 . . 4 Treads 15 | . . . 15 Legs 365 | 27 84 169 85 Wheels . | . . . . Hover . | . . . . Flight 101 | . . . 101 Fastest Speed 34 | 50 120 120 34 Average Speed 120 | 119 120 121 120 Slowest Speed 280 | 150 120 190 280 Overloaded Moves . | . . . . Propulsion Burnouts . | . . . . Robots Hopped 1 | . . . 1 Cave-ins Triggered . | . . . . Exploration Rate (%) 25 | 4 24 43 32 Regions Visited 3 Branch Regions 1 Pre-discovered Areas . | . . . . Known Exits Taken . | . . . . Unknown Exits Taken 3 | 1 1 1 . Scrap Searched 1 | . . 1 . Spaces Dug . | . . . . Terrain Destroyed . | . . . . Melee . | . . . . Projectile . | . . . . AOE . | . . . . Terrain Rammed . | . . . . Walls Destroyed . | . . . . Machines Disabled . | . . . . Actions | -11 -10 -10 -9 --------- Run | Yrd Mat Min Mat Total 607 | 42 100 201 264 Wait 20 | . 10 9 1 Move 488 | 34 83 168 203 Hop 1 | . . . 1 Pick Up 15 | 2 6 3 4 Fast Attach 11 | 6 . 1 4 Attach 8 | . 1 3 4 Detach . | . . . . Swap 6 | . . 1 5 Drop 4 | . . 3 1 Fire 49 | . . 13 36 Melee . | . . . . Ram 2 | . . . 2 Kick 2 | . . . 2 Crush 1 | . . . 1 Escape Stasis . | . . . . Rewire . | . . . . Trap . | . . . . Miscellaneous . | . . . . Route ------- -11/Scrapyard -10/Materials (discovered 2 exits: [*Min x2]) -10/Mines (discovered 2 exits: *Mat x2) -9/Materials History --------- Turn | Location | Event 12 | -11/Scrapyard | Discovered new exit (range 15) 53 | -11/Scrapyard | Entered Materials 53 | -10/Materials | Discovered new exit (range 7) 160 | -10/Materials | Discovered new exit (range 8) 170 | -10/Materials | Entered Mines 180 | -10/Mines | Met a Derelict bent on vengeance 314 | -10/Mines | Build established: Mutant 392 | -10/Mines | Discovered new exit (range 9) 420 | -10/Mines | Discovered new exit (range 7) 431 | -10/Mines | Entered Materials 431 | -9/Materials | Evolved 2 slots: Propulsion x1, Utility x1 657 | -9/Materials | Lost 5 parts (2n1u2w) 798 | -9/Materials | Core integrity fell below 50% 806 | -9/Materials | Self-destructed Last Messages --------------- 6x Alarm Trap Map updated. K-01 Serf cleans the Material Compactor. Slammed into K-01 Serf. Destabilizing: Core damaged (-12). T-07 Excavator is excavating. S-10 Pest suffers critical hit (Burn). Imp. Ion Engine destroyed. Acquired Prototype Ballistic Gun. Identified Imp. Assault Rifle. S-10 Pest destroyed. Destroyed Heat Sink. G-34 Mercenary destroyed. Switching to secondary target: S-10 Pest. Flight Unit destroyed. Lgt. Assault Rifle destroyed. M-13 Machinist repairs Y-45 Defender. Destroyed Flight Unit. S-10 Pest suffers critical hit (Burn). Med. Laser destroyed. Map ----- +----------------------------------------------------+ | ??????????????????????? # #?????????????????? | | ???????????????????????"" # #?????????????????? | | ??????????????????????""" # #?????????????????? | | ??????????????????????""" # #?????????????????? | | ????????????????????? # ###########???????? | | ?????????????????????####### #???????? | | ???????????????????????????# ##??????? | | ???????????????????????????# """ ????? | | ????????????????????????#### """ ????? | | ????????????????????????# # """ ????? | | ?????????????????????????# [[ ##??????? | | ?????????????????????????# # [[ #???????? | | ?????????????????????????### [ #???????? | | ???????????????????????????# |] ###?????? | | ???????????????????????????# ] ????? | | ???????????????????????????# ????? | | ???????????????????????????# ????? | | ???????????????????????????# ????? | | ???????????????????????????# ????? | | ???????????????????????#######+#############?????? | | ???????????????????????# #???????????? | | ???????????????????????# Y """ #???????????? | | ???????????????????????# "" ""[ """ #???????????? | | ???????????????????????#s""S""m[ """ #???????????? | | ???????????????????????#g"""" =%= #???????????? | | ???????????????????????# @s=% = #???????????? | | ???????????????????????###############???????????? | | | | | | | | | | | | | | | | | | | | | | | | | | | | | | | | | | | | | | | | | | | | | | | +----------------------------------------------------+ Best States ------------- Heat Dissipation 28 Energy Generation 12 Energy Capacity 265 Matter Stores 300 Matter Capacity 300 Sight Range 16 Robot Scan Range 14 Terrain Scan Density 10 Propulsion Shielding 66 Evasion (%) 63 Recoil Reduction 1 Item Schematics ----------------- None Robot Schematics ------------------ None Fabricated ------------ Nothing Alien Tech Used ----------------- None Achievements -------------- None Challenges ------------ None Game ------ Seed HypercooledBiometalHammer Manual? 0 Play Time 00:14:08 Cumulative 4.7 hours Start 2024.04.03 @ 13:44:10 End 2024.04.03 @ 13:54:13 Sessions 1 Manual Loads 0 Difficulty Rogue Special Mode None Game No. 11 Rogue 5 Adventurer 6 Explorer 0 Win Type - Total 0 Types 0/0/0/0/0/0/0/0/0 Lore% 11 Gallery% 10 Achievement% 8 Wizard Run 0 Options --------- Layout 1 ASCII 0 Keyboard 0 Movement Mouse Keybinds 0 Fullscreen 1 Font 24/Smallcaps Map View 50x35 Zoom Use 0% Tactical HUD 0 Map Filters NONE Filters NONE Steam 1 RUN: 38f98e5a-db82-4107-b705-0b1263f4019e